 Dungeon Crawl Stone Soup version 0.28.0-45-g0d030f2227 (webtiles) character file.

Game seed: 8163846545114240362

1654 Fartwhistle the Conjurer (level 8, -19/69 HPs)
             Began as a Purple Draconian Conjurer on Apr 15, 2022.
             Was an Initiate of Makhleb.
             Demolished by a two-headed ogre
             ... wielding a +0 giant club
              (28 damage)
             ... on level 8 of the Dungeon.
             The game lasted 00:23:02 (6490 turns).

Fartwhistle the Conjurer (DrCj)                     Turns: 6490, Time: 00:23:03

Health: -19/69     AC:  6    Str:  9    XL:     8   Next: 68%
Magic:  23/27      EV: 16    Int: 21    God:    Makhleb [......]
Gold:   200        SH:  0    Dex: 10    Spells: 15/21 levels left

rFire   . . .      SeeInvis .   i - staff of air
rCold   . . .      Faith    +   (no shield)
rNeg    . . .      Spirit   .   (armour unavailable)
rPois   .          Reflect  .   (helmet restricted)
rElec   +          Harm     .   (no cloak)
rCorr   .          Rampage  .   (no gloves)
Will    +....                   (no boots)
Stlth   +.........              v - amulet of faith
HPRegen 0.21/turn               j - ring of magical power
MPRegen 0.20/turn               s - +4 ring of evasion

@: confused, about to teleport
A: breathe power, AC +6, unfitting armour, cold-blooded
a: Breathe Dispelling Energy, Renounce Religion


You were on level 8 of the Dungeon.
You worshipped Makhleb.
Makhleb was noncommittal.
You visited 2 branches of the dungeon, and saw 8 of its levels.

You collected 200 gold pieces.

Inventory:

Hand Weapons
 a - a +1 hunting sling of flaming
Armour
 t - a +2 buckler
Magical Staves
 i - a staff of air (weapon)
Jewellery
 j - a ring of magical power (left hand)
 l - a ring of magical power
 s - a +4 ring of evasion (right hand)
 v - an amulet of faith (around neck)
Wands
 o - a wand of flame (20)
Scrolls
 b - 2 scrolls of teleportation
 d - 3 scrolls of noise {unknown}
 g - 2 scrolls of fog {unknown}
 m - 2 scrolls of magic mapping {unknown}
 p - a scroll of enchant armour {unknown}
Potions
 c - 2 potions of curing
 e - 3 potions of flight
 f - a potion of brilliance
 h - 2 potions of mutation
 k - 2 potions of berserk rage
 n - a potion of invisibility
 q - 2 potions of might
 r - a potion of resistance


   Skills:
 + Level 5.4 Fighting
 + Level 3.4 Dodging
 - Level 1.7 Stealth
 * Level 7.1 Spellcasting
 * Level 7.4 Conjurations
 - Level 1.0 Translocations
 - Level 2.0 Air Magic


You had 15 spell levels left.
You knew the following spells:

 Your Spells              Type           Power      Damage    Failure   Level
a - Magic Dart            Conj           100%       1d8       1%          1
b - Searing Ray           Conj           76%        2d7       1%          2
c - Blink                 Tloc           22%        N/A       9%          2
d - Slow                  Hex            28%        N/A       9%          1

Your spell library contained the following spells:

 Spells                   Type           Power      Damage    Failure   Level
 Dazzling Flash           Conj/Hex       46%        N/A       5%          3
 Iskenderun's Mystic Bla  Conj/Tloc      25%        2d7       16%         4
 Gell's Gravitas          Tloc           11%        N/A       17%         3
 Lesser Beckoning         Tloc           11%        N/A       17%         3
 Teleport Other           Tloc           11%        N/A       17%         3
 Fulminant Prism          Conj/Hex       11%        3d9       19%         4
 Confusing Touch          Hex            7%         N/A       26%         3
 Vampiric Draining        Necr           7%         2d6       26%         3
 Manifold Assault         Tloc           11%        N/A       85%         5
 Storm Form               Tmut/Air       8%         N/A       100%        7


Dungeon Overview and Level Annotations

Branches:
Dungeon (6/15)             Temple (1/1) D:5

Altars:
Ashenzari
Cheibriados
Dithmenos
Elyvilon
Fedhas
Gozag
Hepliaklqana
Kikubaaqudgha
Makhleb
Okawaru
Qazlal
Ru
Sif Muna
Trog
Uskayaw
Xom
Yredelemnul
The Shining One

Shops:
D:6 *(


Innate Abilities, Weirdness & Mutations

You can breathe bolts of dispelling energy.
Your rich purple scales are hard. (AC +6)
You cannot fit into any form of body armour.
You are cold-blooded and may be slowed by cold attacks.


Message History

Press: ? - help, Shift-Dir - straight line, f - two-headed ogre
Aim: a two-headed ogre, wielding two +0 giant clubs (chance to affect: 27%)
Okay, then.
Casting: Slow (safe; 9% risk of failure)
Confirm with . or Enter, or press ? or * to list all spells.
Aiming: Searing Ray (safe; 1% risk of failure)
Press: ? - help, Shift-Dir - straight line, f - two-headed ogre
Aim: a two-headed ogre, wielding two +0 giant clubs (91% to hit)
The searing ray hits the two-headed ogre!
The two-headed ogre is lightly wounded. (Press . to maintain the ray.)
The orc wizard shouts!
The searing ray hits the two-headed ogre.
The two-headed ogre is moderately wounded.
The orc wizard casts a spell at you. The puff of flame hits you!
The searing ray hits the two-headed ogre!
The two-headed ogre is heavily wounded.
The searing ray hits the two-headed ogre!
The two-headed ogre is heavily wounded.
You finish channelling your searing ray.
The two-headed ogre hits you with a +0 giant club!!
The two-headed ogre closely misses you.
An orc wizard comes into view. It is wielding a +1 dagger of venom.
The orc wizard shouts!
An orc comes into view. It is wielding a +0 dagger.
The orc wizard points at you and mumbles some strange words.
The magic dart hits you. The orc wizard closely misses you.
As you read the scroll of teleportation, it crumbles to dust.
You feel strangely unstable.
The two-headed ogre hits you with a +0 giant club!!
* * * LOW HITPOINT WARNING * * *
The two-headed ogre barely misses you. The orc wizard casts a spell at you.
You are confused.
The orc wizard hits you but does no damage.
You're too confused to move!
The orc wizard completely misses you. The two-headed ogre misses you.
The two-headed ogre hits you with a +0 giant club!!
You die...

+.. ## #.. # ##. ############..
..###.. #............. .......
#............. ......O
#............. .......
+.............
.......#+#########.............
.............O@........########
#+#####.......o........#
#................#
+...........o....#
#...........o....+
#..................#
#########'########## #.....#
#.....#


You could see a two-headed ogre, 2 orc wizards and an orc.

Vanquished Creatures
  Grinder (D:5)
  Eustachio (D:5)
  A black bear (D:4)
  An ogre (D:6)
  2 scorpions (D:5)
  2 water moccasin skeletons (D:5)
  A bullfrog zombie (D:5)
  4 hounds
  A jelly (D:5)
  3 orc priests
  A bullfrog skeleton (D:4)
  2 gnoll shamans (D:4)
  An iguana (D:3)
  A scorpion zombie (D:5)
  6 orc wizards
  A hound skeleton (D:4)
  2 howler monkey zombies
  4 adders
  16 gnolls
  A shadow imp (D:6)
  An adder zombie (D:5)
  2 adder skeletons
  2 dart slugs
  23 orcs
  7 endoplasms
  A giant cockroach (D:4)
  7 goblins
  3 hobgoblins
  10 jackals
  6 quokkas
  5 ball pythons
  4 bats
  2 frilled lizards
  5 kobolds
  5 rats
135 creatures vanquished.

Notes
Turn   | Place    | Note
-------+----------+-------------------------------------------
     0 | D:1      | Fartwhistle the Draconian Conjurer began the quest for the
                  | Orb.
     0 | D:1      | Reached XP level 1. HP: 14/14 MP: 3/3
   218 | D:1      | Reached XP level 2. HP: 22/22 MP: 0/5
   294 | D:1      | Reached skill level 1 in Fighting
  1154 | D:2      | Learned a level 2 spell: Searing Ray
  1373 | D:2      | Reached XP level 3. HP: 28/28 MP: 3/6
  1515 | D:2      | Found a faded altar of an unknown god.
  2292 | D:3      | Reached XP level 4. HP: 36/36 MP: 8/8
  2540 | D:3      | Learned a level 2 spell: Blink
  2633 | D:3      | Found a snail-covered altar of Cheibriados.
  3151 | D:3      | Found a white marble altar of Elyvilon.
  3321 | D:3      | Reached XP level 5. HP: 34/42 MP: 6/9
  3433 | D:4      | Reached skill level 1 in Translocations
  3483 | D:4      | Reached skill level 5 in Conjurations
  3523 | D:4      | Noticed a black bear
  3532 | D:4      | Killed a black bear
  3533 | D:4      | Reached skill level 1 in Air Magic
  3533 | D:4      | Reached XP level 6. HP: 41/51 MP: 11/11
  4049 | D:4      | Learned a level 1 spell: Slow
  4102 | D:4      | Your scales start taking on a rich purple colour.
  4102 | D:4      | Reached XP level 7. HP: 33/59 MP: 14/14
  4536 | D:4      | Found a stormy altar of Qazlal.
  4581 | D:5      | Entered Level 5 of the Dungeon
  4585 | D:5      | Reached skill level 5 in Spellcasting
  4620 | D:5      | Noticed Eustachio
  4637 | D:5      | Killed Eustachio
  5018 | D:5      | Noticed Grinder
  5048 | D:5      | Reached XP level 8. HP: 59/67 MP: 17/17
  5446 | D:5      | Killed Grinder
  5447 | D:5      | Reached skill level 5 in Fighting
  5631 | D:5      | Found a burning altar of Makhleb.
  5675 | D:5      | Found a staircase to the Ecumenical Temple.
  5691 | Temple   | Entered the Ecumenical Temple
  5908 | D:5      | Became a worshipper of Makhleb the Destroyer
  6068 | D:6      | Found a bloodstained altar of Trog.
  6249 | D:6      | Found Tausch's Weapon Boutique.
  6268 | D:6      | Found Boegod's General Store.
  6446 | D:6      | You fall into a shaft and drop 2 floors!
  6477 | D:8      | Noticed a two-headed ogre
  6490 | D:8      | Demolished by a two-headed ogre

Illustrated notes

Levels and vault maps discovered:
D:1:      minmay_arrival_wavy_path, layout_basic
D:2:      layout_loops_ring, ebering_ecumenical_altar_abandoned,
          minmay_misc_feat_x
D:3:      layout_basic, lemuel_doored_altar, elyvilon_altar_3,
          kennysheep_flooded_box, chequers_garden, nicolae_underground_beach
D:4:      layout_rooms, lemuel_crystal_altar, serial_glass, glass_columns_c,
          glass_columns_a
D:5:      layout_rooms, lightli_temple_of_fire, temple_green, st_stairs_10,
          uniq_eustachio, uniq_grinder
D:6:      layout_basic, mainiacjoe_overflow_catwalk, portal_sewer_entry_b,
          nicolae_wooded_promenade
D:8:      layout_gridville, amethyst_overflow_temple_binary,
          gammafunk_ghost_grave
Temple:   dshaligram_water_room_temple

Skill      XL: |  1  2  3  4  5  6  7  8 |
---------------+-------------------------+-----
Fighting       | 1 2 3 4 5 |  5.4
Spellcasting   | 3 4 6 7 |  7.1
Translocations | 1 |  1.0
Conjurations   | 5 6 7 |  7.4
Air Magic      | 1 2 |  2.0
Dodging        | 2 3 |  3.4
Stealth        | |  1.7

Action                   |  1- 3 |  4- 6 |  7- 9 || total
-------------------------+-------+-------+-------++-------
Melee: Unarmed           |    16 |       |       ||    16
       Tailslap          |     1 |       |       ||     1
       Staff             |       |     1 |       ||     1
 Cast: Magic Dart        |    72 |    99 |    87 ||   258
       Searing Ray       |     1 |    17 |    27 ||    45
 Abil: Breathe Dispellin |       |       |     2 ||     2
  Use: Scroll            |       |     5 |     5 ||    10
 Stab: Sleeping          |     1 |       |       ||     1
Armor: Skin              |     9 |     9 |    14 ||    32
Dodge: Dodged            |    19 |    23 |    37 ||    79
